 Dungeon Crawl Stone Soup version 0.28.0 (console) character file.

Game seed: 16271396995433653299

5770 Garrluk the Spear-Bearer (level 10, -1/108 HPs)
             Began as a Deep Dwarf Berserker on Feb 8, 2022.
             Was a Believer of Trog.
             Slain by a yak (5 damage)
             ... on level 3 of the Lair of Beasts.
             The game lasted 00:14:48 (1736 turns).

Garrluk the Spear-Bearer (Deep Dwarf Berserker)     Turns: 1736, Time: 00:14:49

Health: -1/108     AC: 10    Str: 34    XL:     10   Next: 49%
Magic:  3/3        EV:  9    Int: 13    God:    Trog [**....]
Gold:   108        SH:  0    Dex: 12    Spells: 9/9 levels left

rFire   . . .      SeeInvis .   l - +7 halberd {elec, Str+2}
rCold   . . .      Faith    .   (shield currently unavailable)
rNeg    . . .      Spirit   .   o - +0 chain mail
rPois   .          Reflect  .   (no helmet)
rElec   .          Harm     .   (no cloak)
rCorr   .          Rampage  .   (no gloves)
Will    ++...                   (no boots)
Stlth   ..........              (no amulet)
HPRegen 0.00/turn               f - +6 ring of intelligence
MPRegen 0.08/turn               g - +6 ring of strength

@: berserking, very quick
A: damage resistance, heal wounds, sense surroundings 2, no regeneration,
iridescent scales 1, frail 1, strong-willed 1
a: Heal Wounds, Renounce Religion, Berserk, Trog's Hand


You were on level 3 of the Lair of Beasts.
You worshipped Trog.
Trog was pleased with you.
You visited 2 branches of the dungeon, and saw 11 of its levels.

You collected 108 gold pieces.

Inventory:

Hand Weapons
 a - a +0 hand axe
 i - a +2 mace
 k - a +0 war axe
 l - the +7 halberd of the Enchanted Forest (weapon) {elec, Str+2}
   (You found it on level 8 of the Dungeon)

   It occasionally discharges a powerful burst of electricity upon striking a
   foe.
   Str:       It affects your strength (+2).
Missiles
 b - 5 atropa-tipped darts
 c - 30 stones
 j - 12 poisoned darts (quivered)
Armour
 o - a +0 chain mail (worn)
Jewellery
 f - a +6 ring of intelligence (left hand)
 g - a +6 ring of strength (right hand)
Scrolls
 d - a scroll of fear {unknown}
 e - a scroll of brand weapon {unknown}
 h - 4 scrolls of identify {unknown}
 m - a scroll of torment {unknown}
 p - a scroll of teleportation {unknown}
 q - a scroll of noise {unknown}
 r - 2 scrolls of amnesia {unknown}
Potions
 n - a potion of haste


   Skills:
 - Level 2.6 Fighting
 - Level 10.8(13.7) Axes
 * Level 11.6(12.9) Polearms
 - Level 2.1 Armour
 - Level 2.1 Dodging


You had 9 spell levels left.
You didn't know any spells.
Your spell library was empty.

Dungeon Overview and Level Annotations

Branches:
Dungeon (8/15)               Lair (3/6) D:8          Shoals (0/4) Lair:2
 Temple: D:4-7        Snake: Lair:2-4    Spider: Lair:2-4

Altars:
Cheibriados
Fedhas

Annotations:
D:5 1 runed translucent door


Innate Abilities, Weirdness & Mutations

You are resistant to damage.
You can heal yourself by infusing magical energy.
You passively map the area around you.
You do not regenerate.
You are partially covered in iridescent scales. (AC +2)
You are frail. (-10% HP)
You are strong-willed. (Will+)


Message History

You feel much better. The yak closely misses you.
You closely miss the yak.
The yak is almost dead.
You hit the yak. Lightning courses through the yak!!
The yak is severely wounded.
The yak gores you but does no damage. The yak barely misses you.
The wolf bites you!
The wolf howls! x2
The wolf bites you but does no damage.
You slash the wolf!
The wolf is heavily wounded.
The wolf barely misses you. The yak completely misses you.
You miss the wolf.
The wolf is heavily wounded.
The wolf bites you but does no damage.
A basilisk comes into view.
The wolf barely misses you. The yak gores you.
You barely miss the wolf.
The wolf is heavily wounded.
The wolf bites you but does no damage. The yak gores you!
You barely miss the wolf.
The wolf is heavily wounded.
The wolf bites you. The yak gores you!
* * * LOW HITPOINT WARNING * * *
You fail to use your ability.
The yak gores you!
* * * LOW HITPOINT WARNING * * *
The yak closely misses you. The wolf bites you.
* * * LOW HITPOINT WARNING * * *
A red film seems to cover your vision as you go berserk!
You feel yourself moving faster!
You feel mighty! The yak barely misses you. The wolf bites you.
* * * LOW HITPOINT WARNING * * *
The yak gores you!
* * * LOW HITPOINT WARNING * * *
You miss the wolf.
The bullfrog croaks.
The wolf howls!
The wolf barely misses you. The yak closely misses you.
The yak gores you but does no damage.
You hit the wolf.
The wolf is lightly wounded.
The wolf bites you but does no damage. The yak gores you!
You die...

,,,
.........+#+........###.
*
..........8.#...........
,
......##.....##.........
**, ,
..............##........
,,
.....#.........##.......
* , ,
,...##...........#.......
* ,## *
..#....#....#..†....#.#+
* ...#
#.....###.8.###...#.###
.....
##..#*##Y..####...## , *
P.....#...###YY...# #...#
* #P.....<.8.#@hY>..#
#8.<# ,
##...##...###Yh...# #...#
* ## ,
#.F...#h...#.##..##* , ,
.#...##Fl8.###.... * **
.,#..h.#...# ,, , * ♣.
#.h....h.. , * ♣♣,
#.........* , *
,#.......# ,,,, * , * ,,
,, , * ,,,,8 * , * , * *
+ * * ,, ,


You could see 5 yaks, a basilisk, 4 wolves and a bullfrog.

Vanquished Creatures
  A boulder beetle (Lair:2)
  3 death yaks (Lair:2)
  A cane toad (Lair:2)
  5 blink frogs (Lair:2)
  A wyvern (Lair:2)
  A basilisk (Lair:2)
  A steam dragon (D:6)
  2 wargs (D:8)
  2 water moccasins
  An ice beast (D:7)
  An orc warrior (D:8)
  A black bear (Lair:2)
  2 ogres (D:6)
  A phantom (D:5)
  A kobold brigand (D:7)
  4 bullfrogs
  A scorpion (D:7)
  5 wights (D:7)
  A howler monkey (D:5)
  A bullfrog skeleton (D:6)
  A jelly (D:6)
  3 orc priests (D:8)
  An iguana (D:6)
  An orc wizard (D:8)
  A scorpion zombie (D:5)
  2 adders
  2 shadow imps
  An adder skeleton (D:4)
  A dart slug (D:2)
  5 orcs
  3 endoplasms
  A goblin (D:4)
  A quokka (D:4)
  A ball python (D:2)
  A bat (D:2)
  5 kobolds (D:7)
66 creatures vanquished.

Vanquished Creatures (others)
  2 fungi (Lair:3)
  11 plants
13 creatures vanquished.

Grand Total: 79 creatures vanquished

Notes
Turn   | Place    | Note
-------+----------+-------------------------------------------
     0 | D:1      | Garrluk the Deep Dwarf Berserker began the quest for the
                  | Orb.
     0 | D:1      | Reached XP level 1. HP: 20/20 MP: 1/1
    14 | D:1      | Found a faded altar of an unknown god.
    48 | D:2      | Found a snail-covered altar of Cheibriados.
    97 | D:3      | Reached XP level 2. HP: 17/27 MP: 2/2
   189 | D:5      | Entered Level 5 of the Dungeon
   190 | D:5      | Gained mutation: You are frail. (-10% HP) [potion of
                  | mutation]
   190 | D:5      | Gained mutation: You are strong-willed. (Will+) [potion of
                  | mutation]
   190 | D:5      | Gained mutation: You are partially covered in iridescent
                  | scales. (AC +2) [potion of mutation]
   245 | D:5      | Reached skill level 5 in Axes
   245 | D:5      | Reached XP level 3. HP: 24/29 MP: 3/3
   306 | D:5      | Reached XP level 4. HP: 12/36 MP: 4/4
   403 | D:5      | Noticed a phantom
   415 | D:5      | Killed a phantom
   416 | D:5      | Reached XP level 5. HP: 41/41 MP: 5/5
   445 | D:5      | Found a runed translucent gate.
   500 | D:6      | Noticed a steam dragon
   517 | D:6      | Killed a steam dragon
   518 | D:6      | Reached XP level 6. HP: 49/49 MP: 6/6
   809 | D:6      | Reached XP level 7. HP: 50/54 MP: 6/6
   978 | D:7      | Reached skill level 10 in Axes
  1061 | D:7      | Reached XP level 8. HP: 36/59 MP: 5/5
  1062 | D:7      | Reached ** piety under Trog
  1099 | D:8      | Identified the +7 halberd of the Enchanted Forest {elec,
                  | Str+2}
  1208 | D:8      | Reached skill level 2 in Polearms
  1216 | D:8      | Reached skill level 3 in Polearms
  1242 | D:8      | Found a staircase to the Lair.
  1250 | D:8      | Reached skill level 4 in Polearms
  1285 | Lair:1   | Entered Level 1 of the Lair of Beasts
  1289 | Lair:1   | Reached skill level 5 in Polearms
  1319 | Lair:2   | Noticed a cane toad
  1329 | Lair:2   | Killed a cane toad
  1330 | Lair:2   | Reached skill level 6 in Polearms
  1330 | Lair:2   | Gained mutation: You passively map the area around you.
                  | [Deep Dwarf growth]
  1330 | Lair:2   | Reached XP level 9. HP: 49/66 MP: 5/5
  1397 | Lair:2   | Reached skill level 7 in Polearms
  1415 | Lair:2   | Reached skill level 8 in Polearms
  1436 | Lair:2   | Noticed an elephant
  1436 | Lair:2   | Noticed a boulder beetle
  1450 | Lair:2   | Noticed a death yak
  1450 | Lair:2   | Noticed a death yak
  1459 | Lair:2   | Noticed a death yak
  1463 | Lair:2   | Killed a death yak
  1464 | Lair:2   | Reached skill level 9 in Polearms
  1471 | Lair:2   | Killed a death yak
  1472 | Lair:2   | Reached skill level 10 in Polearms
  1472 | Lair:2   | Reached XP level 10. HP: 40/72 MP: 5/5
  1477 | Lair:2   | Killed a death yak
  1503 | Lair:2   | Found a staircase to the Shoals.
  1514 | Lair:2   | Reached skill level 11 in Polearms
  1547 | Lair:2   | Noticed a cane toad
  1550 | Lair:2   | Noticed a boulder beetle
  1573 | Lair:2   | Killed a boulder beetle
  1599 | Lair:2   | Found a blossoming altar of Fedhas.
  1734 | Lair:3   | HP: 4/108 [yak (7)]
  1736 | Lair:3   | Slain by a yak

Illustrated notes

Levels and vault maps discovered:
D:1:      dpeg_arrival_tiny_g, layout_loops_ring,
          hellmonk_ecumenical_altar_pennies_from_heaven
D:2:      layout_rooms, basic_altar
D:3:      layout_basic, minmay_misc_feat_tower, uniq_ijyb
D:4:      old_forge, layout_basic, kennysheep_little_box
D:5:      layout_basic, minmay_temple_entry_overgrown, gammafunk_ghost_cemetery,
          chequers_serial_rivers_room_a, uniq_prince_ribbit1, uniq_sigmund,
          uniq_grinder
D:6:      layout_layer_cave
D:7:      layout_rooms, gammafunk_ghost_wrathful_warriors,
          minmay_misc_feat_columns, minivault_23, minmay_misc_feat_five
D:8:      kennysheep_housing_project, layout_basic, erik_lair_orcish_takeover,
          gammafunk_ghost_berserking_beasts, minmay_misc_feat_encased
Lair:1:   layout_layer_cave, infiniplex_staircase_pool, grunt_megastairs_4
Lair:2:   layout_cave_pods, minmay_shoals_entry_hut, basic_altar, serial_rivers,
          chequers_serial_rivers_micro_e, chequers_serial_rivers_small_b,
          chequers_serial_rivers_micro_b, chequers_serial_rivers_micro_c,
          chequers_serial_rivers_micro_e, minmay_shattered_shrine
Lair:3:   layout_regular_city, minmay_snake_entry_six_corridors,
          serial_bayou_crossing, grunt_megastairs_5

Skill      XL: |  1  2  3  4  5  6  7  8  9 10 |
---------------+-------------------------------+-----
Axes           | 4 5 6 8 10 | 10.8
Polearms       | 6 10 11 | 11.6
Fighting       | |  2.6
Armour         | |  2.1
Dodging        | |  2.1

Action                   |  1- 3 |  4- 6 |  7- 9 | 10-12 || total
-------------------------+-------+-------+-------+-------++-------
Melee: Hand axe          |    69 |    43 |    75 |       ||   187
       Punch             |       |     1 |     1 |       ||     2
       Halberd           |       |       |    75 |    32 ||   107
Throw: Stone             |       |       |     4 |       ||     4
       Dart              |       |       |       |     4 ||     4
Invok: Berserk           |       |     4 |     4 |     1 ||     9
       Trog's Hand       |       |       |     4 |     1 ||     5
 Abil: Heal Wounds       |     1 |     3 |    11 |     3 ||    18
  Use: Potion            |     2 |       |     1 |     1 ||     4
 Stab: Sleeping          |     1 |       |       |       ||     1
Armor: Animal skin       |    10 |     4 |    11 |       ||    25
       Chain mail        |       |       |    13 |    11 ||    24
       Leather armour    |       |       |     3 |       ||     3
Dodge: Dodged            |    34 |    19 |    53 |    17 ||   123
